 Dungeon Crawl Stone Soup version 0.29-a0-555-g3b24f45cc1 (webtiles) character file.

Game seed: 2165331518082164174

781 lunkers the Digger (level 7, -12/41 HPs)
             Began as an Octopode Earth Elementalist on June 7, 2022.
             Was a Follower of Vehumet.
             Killed by a reflected stone arrow
             ... reflected by a gnoll sergeant
             ... on level 5 of the Dungeon.
             The game lasted 00:09:50 (5464 turns).

lunkers the Digger (Octopode Earth Elementalist)    Turns: 5464, Time: 00:09:51

Health: -12/41     AC:  1    Str: 14    XL:     7   Next: 85%
Magic:  4/13       EV: 13    Int: 25    God:    Vehumet [*.....]
Gold:   200        SH:  0    Dex: 12    Spells: 8/14 levels left

rFire   + . .      SeeInvis .   f - +3 hand axe (venom)
rCold   . . .      Faith    .   (no shield)
rNeg    . . .      Spirit   .   (helmet restricted)
rPois   .          Reflect  .   (no amulet)
rElec   .          Harm     .   g - +6 ring of intelligence
rCorr   .          Rampage  .   j - ring of protection from fire
Will    .....                   r - +6 ring of strength
Stlth   +++.......              (no ring)
HPRegen 0.13/turn               (no ring)
MPRegen 0.13/turn               (no ring)
                                (no ring)
                                (no ring)

@: no status effects
A: almost no armour, amphibious, 8 rings, camouflage 1, gelatinous body 1,
(nimble swimmer 1), tentacles
a: Renounce Religion


You were on level 5 of the Dungeon.
You worshipped Vehumet.
Vehumet was aware of your devotion.
You visited 1 branch of the dungeon, and saw 5 of its levels.
You also visited: Ossuary.

You collected 200 gold pieces.

Inventory:

Hand Weapons
 f - a +3 hand axe of venom (weapon)
Missiles
 a - 107 stones
 h - a throwing net
Jewellery
 g - a +6 ring of intelligence (left tentacle)
 j - a ring of protection from fire (right tentacle)
 r - a +6 ring of strength (on tentacle)
Wands
 u - a wand of polymorph (19)
 A - a wand of acid (8)
Scrolls
 d - a scroll of identify
 m - 2 scrolls of teleportation
 q - a scroll of enchant weapon
 t - a scroll of vulnerability
 x - a scroll of amnesia
Potions
 b - a potion of magic
 c - 3 potions of curing
 e - a potion of invisibility
 i - a potion of degeneration
 k - a potion of brilliance {unknown}
 l - a potion of haste {unknown}
 n - a potion of cancellation {unknown}
 p - 2 potions of heal wounds {unknown}
 v - a potion of lignification {unknown}
 B - a potion of attraction {unknown}
 D - 3 potions of flight


   Skills:
 - Level 2.0 Dodging
 - Level 2.6 Stealth
 + Level 4.4 Spellcasting
 + Level 2.8 Conjurations
 - Level 1.0 Transmutations
 * Level 7.1 Earth Magic


You had 8 spell levels left.
You knew the following spells:

 Your Spells              Type           Power      Damage    Failure   Level
a - Stone Arrow           Conj/Erth      60%        3d10      3%          3
b - Passwall              Tmut/Erth      21%        N/A       2%          2
c - Sandblast             Erth           82%        2d17      1%          1

Your spell library contained the following spells:

 Spells                   Type           Power      Damage    Failure   Level
 Foxfire                  Conj/Fire      48%        2x1d6     4%          1
 Magic Dart               Conj           76%        1d6       2%          1
 Summon Small Mammal      Summ           20%        N/A       9%          1
 Call Imp                 Summ           5%         N/A       13%         2
 Petrify                  Tmut/Erth      26%        N/A       16%         4
 Mephitic Cloud           Conj/Pois/Air  10%        N/A       19%         3
 Call Canine Familiar     Summ           5%         N/A       26%         3
 Summon Guardian Golem    Hex/Summ       5%         N/A       26%         3


Dungeon Overview and Level Annotations

Branches:
Dungeon (5/15)            Ossuary (visited)
 Temple: D:4-7

Altars:
Vehumet

Annotations:
D:3 exclusion: statue


Innate Abilities, Weirdness & Mutations

You cannot wear most types of armour.
You are amphibious.
You can wear up to eight rings at the same time.
Your skin changes colour to match your surroundings (Stealth+).
Your rubbery body absorbs attacks. (AC +1, EV +1)
((You are camouflaged when in or above water. (Stealth+)))
You have tentacles for arms and can constrict up to eight enemies at once.


Message History

There is a stone staircase leading up, spattered with blood here.
Things that are here:
a +0 halberd; a gnoll corpse The gnoll sergeant closely misses you.
You climb upwards.
There is a stone staircase leading down here.
You start resting.
Magic restored.
You start resting.
HP restored.
You climb downwards.
The gnoll sergeant barely misses you.
The gnoll sergeant hits you with a +0 spear.
There is a stone staircase leading up, spattered with blood here.
Things that are here:
a +0 halberd; a gnoll skeleton
Casting: Sandblast (safe; 1% risk of failure)
Confirm with . or Enter, or press ? or * to list all spells.
The stone arrow reflects off an invisible shield around the gnoll sergeant!
The stone arrow hits you!!
Ouch! That really hurt!
* * * LOW HITPOINT WARNING * * *
The gnoll sergeant closely misses you.
Casting: Stone Arrow (dangerous; 3% risk of failure)
Confirm with . or Enter, or press ? or * to list all spells.
Aiming: Stone Arrow (dangerous; 3% risk of failure)
Press: ? - help, Shift-Dir - straight line, f/p - gnoll sergeant
Aim: a gnoll sergeant, wielding a +0 spear, wearing a +0 ring mail, wearing a +0 buckler and wearing an amulet of reflection (81% to hit)
The stone arrow reflects off an invisible shield around the gnoll sergeant!
The stone arrow misses you.
The gnoll sergeant hits you with a +0 spear.
* * * LOW HITPOINT WARNING * * *
Casting: Stone Arrow (dangerous; 3% risk of failure)
Confirm with . or Enter, or press ? or * to list all spells.
Aiming: Stone Arrow (dangerous; 3% risk of failure)
Press: ? - help, Shift-Dir - straight line, f/p - gnoll sergeant
Aim: a gnoll sergeant, wielding a +0 spear, wearing a +0 ring mail, wearing a +0 buckler and wearing an amulet of reflection (81% to hit)
The stone arrow reflects off an invisible shield around the gnoll sergeant!
The stone arrow hits you!!
Ouch! That really hurt!
You die...

### #.. ### #####.. ..#
#####...... #.# #.......... #.#
#.##.......
#.#####.##############.##.####..
#..>........ggg@................
#####.###################.###...
#.######### #....# ##..
#.......... #.#######..
###g.g..... #.# #...##.
#........ # #.# #.#.##.
#........ #.##g###.#.##.
......... #...g....#.###
....####. ####g....#.# #


You could see a gnoll sergeant and 2 gnolls.

Vanquished Creatures
  2 ice beasts (D:5)
  A phantom (D:4)
  Blork the orc (D:5)
  A scorpion (D:4)
  A human zombie (Ossuary)
  A jelly (D:5)
  Ijyb (D:4)
  3 iguanas
  An orc wizard (D:4)
  2 gnolls (D:5)
  8 adders
  2 worms
  A dart slug (D:1)
  14 orcs
  5 endoplasms
  4 giant cockroaches
  10 goblins
  5 hobgoblins
  10 jackals
  9 kobolds
  2 quokkas
  6 ball pythons
  5 bats
  2 frilled lizards
  7 rats
104 creatures vanquished.

Notes
Turn   | Place    | Note
-------+----------+-------------------------------------------
     0 | D:1      | lunkers the Octopode Earth Elementalist began the quest for
                  | the Orb.
     0 | D:1      | Reached XP level 1. HP: 11/11 MP: 3/3
   113 | D:1      | Reached XP level 2. HP: 17/17 MP: 1/5
   511 | D:1      | Learned a level 2 spell: Passwall
   834 | D:2      | Reached XP level 3. HP: 19/21 MP: 6/6
   994 | D:2      | Reached skill level 4 in Earth Magic
  1349 | D:2      | Learned a level 3 spell: Stone Arrow
  1595 | D:2      | Reached XP level 4. HP: 21/27 MP: 1/8
  2086 | D:3      | Found a radiant altar of Vehumet.
  2097 | D:3      | Became a worshipper of Vehumet
  2167 | D:3      | Found a radiant altar of Vehumet.
  2167 | D:3      | Noticed a frost-covered statue
  2614 | D:4      | Reached XP level 5. HP: 31/31 MP: 9/9
  2632 | D:4      | Noticed a phantom
  2643 | D:4      | Killed a phantom
  2644 | D:4      | Reached skill level 5 in Earth Magic
  3095 | D:4      | Reached XP level 6. HP: 36/36 MP: 8/11
  3131 | D:4      | Noticed Ijyb
  3137 | D:4      | Killed Ijyb
  3143 | D:4      | Reached skill level 1 in Conjurations
  3689 | D:4      | Reached skill level 6 in Earth Magic
  4350 | D:5      | Entered Level 5 of the Dungeon
  4357 | D:5      | Found a sand-covered staircase.
  4367 | Ossuary  | Entered an ossuary
  4556 | D:5      | Reached XP level 7. HP: 41/41 MP: 8/12
  4593 | D:5      | Reached * piety under Vehumet
  4593 | D:5      | Offered knowledge of Foxfire by Vehumet.
  4875 | D:5      | Noticed Blork the orc
  4880 | D:5      | Killed Blork the orc
  5155 | D:5      | HP: 1/41 [gnoll sergeant/+0 spear (9)]
  5156 | D:5      | Reached skill level 7 in Earth Magic
  5464 | D:5      | Killed by a reflected stone arrow
                  | ... reflected by a gnoll sergeant

Illustrated notes

Levels and vault maps discovered:
D:1:      wheals_arrival_shading, layout_loops_ring, minmay_misc_feat_rows
D:2:      layout_basic
D:3:      layout_rooms, vehumet_statue, kennysheep_flooded_box
D:4:      layout_basic, columned_hall_lemuel, uniq_ijyb
D:5:      layout_basic, lightli_ossuary_entry_decrepit_ruins, uniq_blork_the_orc

Skill      XL: |  1  2  3  4  5  6  7 |
---------------+----------------------+-----
Earth Magic    | 4 5 6 7 |  7.1
Spellcasting   | 3 4 |  4.4
Conjurations   | 1 2 |  2.8
Dodging        | |  2.0
Stealth        | |  2.6
Transmutations | |  1.0

Action                   |  1- 3 |  4- 6 |  7- 9 || total
-------------------------+-------+-------+-------++-------
Melee: Unarmed           |    76 |    86 |       ||   162
       Tentacles         |    20 |    22 |       ||    42
       Constrict         |    21 |    17 |       ||    38
       Punch             |     2 |       |       ||     2
       Hand axe          |       |       |     1 ||     1
 Cast: Sandblast         |    26 |    30 |     3 ||    59
       Stone Arrow       |     2 |    24 |    19 ||    45
  Use: Scroll            |       |    16 |     2 ||    18
 Stab: Sleeping          |     3 |     6 |       ||     9
Armor: Skin              |     8 |    12 |       ||    20
Dodge: Dodged            |    71 |    86 |    12 ||   169

Table legend: (Time is in decaauts)
 A = Elapsed time spent in this place.
 B = Non-inter-level travel time spent in this place.
 C = Inter-level travel time spent in this place.
 D = Time resting spent in this place.
 E = Time spent auto-exploring this place.
 F = Levels seen in this place.
 G = Mean time per level.
                   A        B        C        D        E       F      G
               +--------+--------+--------+--------+--------+-----+--------+
         Total |   5462 |   5369 |     93 |    601 |   3882 |   6 |  910.3 |
       Dungeon |   5439 |   5346 |     93 |    601 |   3877 |   5 | 1087.8 |
       Ossuary |     23 |     23 |      0 |      0 |      5 |   1 |   23.0 |
               +--------+--------+--------+--------+--------+-----+--------+

Top non-repeatable levels by time:
     D:4: 1789 daAuts
     D:3: 1109 daAuts
     D:2: 937 daAuts
     D:1: 810 daAuts
     D:5: 792 daAuts
 Ossuary: 23 daAuts
